 Dungeon Crawl Stone Soup version 0.20.0-15-g7f486f2 (webtiles) character file.

10039 Larmestyx the Grappler (level 11, -15/101 HPs)
             Began as a Troll Monk on June 11, 2017.
             Was an Elder of Qazlal.
             Demolished by a death yak (24 damage)
             ... on level 10 of the Dungeon.
             The game lasted 01:07:20 (7165 turns).

Larmestyx the Grappler (Troll Monk)                 Turns: 7165, Time: 01:07:21

Health: -15/101    AC: 10    Str: 24    XL:     11   Next: 30%
Magic:  10/14      EV:  9    Int:  6    God:    Qazlal [****..]
Gold:   384        SH: 19    Dex: 12    Spells: 10/10 levels left

rFire    . . .     SeeInvis .     - Unarmed
rCold    . . .     Gourm    +   N - +0 large shield
rNeg     + . .     Faith    .   e - +2 robe {rN+}
rPois    +         Spirit   .   J - +2 hat {MR+}
rElec    .         Reflect  .   C - +0 cloak
rCorr    .         Harm     .   (gloves unavailable)
MR       +....                  (boots unavailable)
Stlth    +.........             v - amulet of regeneration
Regen    1.1/turn               n - ring of poison resistance
MPRegen  0.2/turn               u - ring of flight

@: repel missiles
A: unfitting armour, claws 3, fast metabolism 3, gourmand, regeneration 1,
shaggy fur 1, tough skin 2
a: Upheaval, Elemental Force, Renounce Religion, Evoke Flight


You were on level 10 of the Dungeon.
You worshipped Qazlal.
Qazlal was greatly pleased with you.
You were completely stuffed.

You visited 2 branches of the dungeon, and saw 11 of its levels.

You collected 384 gold pieces.

Inventory:

Armour
 a - a +1 robe
 e - a +2 robe of positive energy (worn)
 p - a +0 troll leather armour
 C - a +0 cloak (worn)
 E - the +3 hat of Pondering {ponderous, MR+ MP+10 Int+5}
   (You found it on level 9 of the Dungeon)

   It affects your intelligence (+5).
   It affects your resistance to hostile enchantments.
   It affects your magic capacity (+10).
 J - a +2 hat of magic resistance (worn)
 N - a +0 large shield (worn)
Jewellery
 n - a ring of poison resistance (left claw)
 s - an uncursed amulet of faith
 u - a ring of flight (right claw)
 v - an amulet of regeneration (around neck)
 B - an uncursed ring of fire
 G - an uncursed ring of fire
Wands
 z - a wand of flame (48/48)
 H - a wand of random effects (18/48)
 L - a wand of disintegration (7/24)
Scrolls
 h - 6 scrolls of teleportation
 j - a scroll of magic mapping
 o - 5 scrolls of enchant weapon
 w - 5 scrolls of identify
 F - a scroll of fear
 R - a scroll of amnesia
Potions
 d - 4 potions of heal wounds
 f - a potion of berserk rage
 k - 4 potions of agility {unknown}
 l - 3 potions of haste {unknown}
 m - 2 potions of brilliance {unknown}
 q - 5 potions of curing
 r - 4 potions of degeneration {unknown}
 t - a potion of mutation {unknown}
 x - 3 potions of might {unknown}
 D - a potion of magic {unknown}
 K - 2 potions of resistance
Books
 y - a book of Necromancy

   Spells                             Type                      Level
   a - Pain                           Necromancy                   1
   b - Animate Skeleton               Necromancy                   1
   c - Vampiric Draining              Necromancy                   3
   d - Regeneration                   Charms/Necromancy            3
   e - Animate Dead                   Necromancy                   4
   f - Control Undead                 Necromancy                   4
 A - a book of Cantrips

   Spells                             Type                      Level
   a - Confusing Touch                Hexes                        1
   b - Animate Skeleton               Necromancy                   1
   c - Summon Small Mammal            Summoning                    1
   d - Apportation                    Translocation                1
 I - a book of Geomancy

   Spells                             Type                      Level
   a - Sandblast                      Earth                        1
   b - Passwall                       Transmutation/Earth          2
   c - Stone Arrow                    Conjuration/Earth            3
   d - Petrify                        Transmutation/Earth          4
   e - Lee's Rapid Deconstruction     Earth                        5
 M - a book of Debilitation

   Spells                             Type                      Level
   a - Corona                         Hexes                        1
   b - Slow                           Hexes                        2
   c - Inner Flame                    Hexes/Fire                   3
   d - Portal Projectile              Hexes/Translocation          3
   e - Cause Fear                     Hexes                        4
   f - Leda's Liquefaction            Hexes/Earth                  4
 P - a book of Misfortune

   Spells                             Type                      Level
   a - Confusing Touch                Hexes                        1
   b - Confuse                        Hexes                        3
   c - Gell's Gravitas                Translocation                3
   d - Petrify                        Transmutation/Earth          4
   e - Metabolic Englaciation         Hexes/Ice                    5
   f - Yara's Violent Unravelling     Hexes/Transmutation          5
Comestibles
 b - 11 bread rations
 c - 8 fruits
 g - 9 meat rations
 i - 3 royal jellies
 O - 6 chunks of flesh


   Skills:
 + Level 4.9 Fighting
 + Level 7.5 Dodging
 - Level 1.6 Stealth
 + Level 2.5 Shields
 + Level 12.8 Unarmed Combat
 * Level 5.7 Invocations


You had 10 spell levels left.
You didn't know any spells.

Dungeon Overview and Level Annotations

Branches:
Dungeon (10/15)            Temple (1/1) D:4             Orc (0/2) D:9
   Lair: D:8-11

Altars:
Ashenzari
Cheibriados
Dithmenos
Elyvilon
Fedhas
Gozag
Hepliaklqana
Kikubaaqudgha
Makhleb
Nemelex Xobeh
Okawaru
Qazlal
Ru
Sif Muna
Trog
Uskayaw
Vehumet
Xom
Yredelemnul
Zin
The Shining One

Shops:
D:10 :

Annotations:
D:3 1 runed door, exclusions: door and 1 more exclusion


Innate Abilities, Weirdness & Mutations

You are too large for most types of armour.
You have claws for hands.
Your metabolism is lightning-fast.
You like to eat raw meat.
Your natural rate of healing is unusually fast.
You are covered in fur. (AC +1)
You have very tough skin. (AC +2)


Message History

You mangle the death yak!!
You kill the death yak!
Qazlal accepts your kill. The death yak gores you!
The death yak gores you but does no damage.
The death yak gores you!
* * * LOW HITPOINT WARNING * * *
You see here a troll corpse.
Aiming: Upheaval
Press: ? - help, Dir - move target cursor, f - death yak
Aim: a death yak That beam is likely to hit you.
Continue anyway?
Okay, then.
Aiming: Upheaval
Press: ? - help, Dir - move target cursor, p - death yak A blizzard blasts the area with ice!
The death yak gores you!
* * * LOW HITPOINT WARNING * * *
The death yak gores you!!
You die...

....# #......... ≈≈.#
#......... .....≈ #≈.#
#......... .....≈ #≈.#
#......... ....≈.
#≈.###......... ....≈#
#≈.))=)...[....
#.≈#####≈.)#########..
#.≈≈≈§§≈≈..# #..
######...†@)§..## ###
.........YY§§###
.........§§§.##
.......†...§..#
............#.#
............#.#
............#.#
............#.#
.......<....#


You could see 2 death yaks.

Vanquished Creatures
  Gastronok (D:8)
  A death yak (D:10)
  A two-headed ogre (D:9)
  Pikel (D:8)
  2 trolls
  A merfolk (D:9)
  Sigmund (D:5)
  A wyvern (D:10)
  Eustachio (D:4)
  Grum (D:10)
  A hungry ghost (D:10)
  3 wargs (D:9)
  Duvessa (D:7)
  2 porcupines (D:10)
  2 ice beasts
  2 orc warriors
  3 black bears
  2 hornet zombies
  A phantom (D:8)
  6 ogres
  3 sky beasts
  3 wolves
  4 centaurs
  A big kobold (D:10)
  6 bullfrogs
  Dowan (D:7)
  A scorpion (D:5)
  5 howler monkeys
  A crimson imp (D:8)
  3 jellies
  A quasit (D:5)
  2 centaur skeletons
  8 hounds
  4 orc wizards
  3 bullfrog skeletons
  Jessica (D:3)
  4 iguanas
  Terence (D:3)
  16 worker ants
  A hound skeleton (D:4)
  4 gnolls (D:5)
  3 river rats (D:10)
  7 adders
  2 shadow imps
  A white imp (D:8)
  An ooze (D:3)
  An adder zombie (D:5)
  An adder skeleton (D:5)
  4 worms
  5 leopard geckos
  18 orcs
  7 bats
  3 giant cockroaches
  15 goblins
  2 hobgoblins (D:2)
  10 jackals
  7 kobolds
  10 quokkas
  7 frilled lizards
  A jackal skeleton (D:4)
  2 leopard gecko skeletons
  6 rats
220 creatures vanquished.

Vanquished Creatures (others)
  An orc (D:10)
1 creature vanquished.

Grand Total: 221 creatures vanquished

Notes
Turn   | Place    | Note
-------+----------+-------------------------------------------
     0 | D:1      | Larmestyx the Troll Monk began the quest for the Orb.
     0 | D:1      | Reached XP level 1. HP: 22/22 MP: 0/0
   158 | D:1      | Reached XP level 2. HP: 29/29 MP: 1/1
   899 | D:2      | Reached XP level 3. HP: 32/36 MP: 2/2
  1424 | D:3      | Reached skill level 4 in Unarmed Combat
  1424 | D:3      | Reached XP level 4. HP: 40/44 MP: 3/3
  1458 | D:3      | Noticed Terence
  1467 | D:3      | Killed Terence
  1467 | D:3      | Reached XP level 5. HP: 44/53 MP: 4/4
  1605 | D:3      | Noticed Jessica
  1624 | D:3      | Killed Jessica
  1770 | D:3      | Found a runed door.
  1954 | D:3      | Reached skill level 5 in Unarmed Combat
  2113 | D:4      | Reached XP level 6. HP: 61/61 MP: 5/5
  2198 | D:4      | Noticed Eustachio
  2224 | D:4      | Killed Eustachio
  2392 | D:4      | Found a staircase to the Ecumenical Temple.
  2401 | Temple   | Entered the Ecumenical Temple
  2462 | Temple   | Became a worshipper of Qazlal Stormbringer
  2462 | Temple   | Reached * piety under Qazlal
  2462 | Temple   | Reached ** piety under Qazlal
  2623 | D:4      | Reached XP level 7. HP: 67/67 MP: 6/6
  2650 | D:4      | Reached skill level 6 in Unarmed Combat
  2919 | D:5      | Entered Level 5 of the Dungeon
  2942 | D:5      | Found a deep blue altar of Sif Muna.
  3074 | D:5      | Noticed Sigmund
  3081 | D:5      | Killed Sigmund
  3081 | D:5      | Reached skill level 7 in Unarmed Combat
  3160 | D:5      | Reached XP level 8. HP: 62/75 MP: 7/7
  3223 | D:5      | Reached skill level 5 in Dodging
  3225 | D:5      | Reached skill level 1 in Invocations
  3770 | D:5      | Reached skill level 8 in Unarmed Combat
  4195 | D:6      | You fall through a shaft for 3 floors!
  4270 | D:9      | Reached *** piety under Qazlal
  4270 | D:9      | Reached skill level 9 in Unarmed Combat
  4302 | D:9      | Noticed a two-headed ogre
  4314 | D:9      | Killed a two-headed ogre
  4314 | D:9      | Reached XP level 9. HP: 57/84 MP: 8/10
  4334 | D:9      | Found a bloodstained altar of Trog.
  4457 | D:9      | Reached skill level 10 in Unarmed Combat
  4544 | D:9      | Found a staircase to the Orcish Mines.
  4609 | D:9      | Noticed a merfolk
  4622 | D:9      | Killed a merfolk
  4849 | D:9      | Noticed a troll
  5013 | D:8      | Reached XP level 10. HP: 86/93 MP: 11/11
  5061 | D:8      | Noticed Gastronok
  5082 | D:8      | Killed Gastronok
  5082 | D:8      | Reached skill level 11 in Unarmed Combat
  5293 | D:8      | Noticed Pikel
  5302 | D:8      | Killed Pikel
  5302 | D:8      | Reached skill level 12 in Unarmed Combat
  5302 | D:8      | Reached skill level 5 in Invocations
  5690 | D:7      | Reached **** piety under Qazlal
  5721 | D:7      | Noticed Dowan
  5723 | D:7      | Noticed Duvessa
  5734 | D:7      | Killed Duvessa
  5736 | D:7      | Killed Dowan
  6277 | D:6      | Found a sacrificial altar of Ru.
  6641 | D:10     | Entered Level 10 of the Dungeon
  6649 | D:10     | Noticed Grum
  6773 | D:10     | Found Butrauh's Book Emporium.
  6788 | D:10     | Reached XP level 11. HP: 93/101 MP: 13/13
  6934 | D:10     | Reached skill level 1 in Shields
  7047 | D:10     | Killed Grum
  7147 | D:10     | Noticed a death yak
  7150 | D:10     | Noticed a death yak
  7152 | D:10     | Noticed a death yak
  7163 | D:10     | Killed a death yak
  7165 | D:10     | Demolished by a death yak

Skill      XL: |  1  2  3  4  5  6  7  8  9 10 11 |
---------------+----------------------------------+-----
Dodging        | 3 4 6 7 |  7.5
Unarmed Combat | 4 5 7 9 10 12 | 12.8
Fighting       | 3 4 |  4.9
Invocations    | 3 5 |  5.7
Shields        | 2 |  2.5
Stealth        | |  1.6

Action                   |  1- 3 |  4- 6 |  7- 9 | 10-12 || total
-------------------------+-------+-------+-------+-------++-------
Melee: Unarmed           |    93 |   136 |   237 |   265 ||   731
       Punch             |     1 |     4 |     5 |     1 ||    11
Invok: Upheaval          |       |       |       |     1 ||     1
  Use: Scroll            |     7 |     1 |     7 |     4 ||    19
       Potion            |       |     2 |     1 |       ||     3
 Stab: Sleeping          |     2 |     1 |       |       ||     3
  Eat: Chunk             |    18 |    10 |    23 |    31 ||    82
Armor: Robe              |    30 |    46 |    41 |    77 ||   194
Dodge: Dodged            |    55 |    84 |    99 |    56 ||   294
       Deflected         |       |       |       |     1 ||     1
Block: Other             |       |       |    32 |    11 ||    43
       Large shield      |       |       |       |   140 ||   140
